[ AOE2 MATCH · #464872251 ]
UnrankedKhmer vs Britons
[ REPLAY ANALYSIS · EXTRACTED FROM THE RECORDED GAME ]
Feudal
—
Castle
—
Imperial
—
| APM avg | 21.1 |
| APM peak | 68 |
| eAPM avg | 19.0 |
| Villagers / military | 367 / 2816 |
Focus
⚔️ 67.2% · 🌾 32.8%
Scorpion ×987 · Ballista Elephant ×814 · Battle Elephant ×436 · Scout Cavalry ×413 · Trade Cart ×135 · Mangonel ×85
Feudal
—
Castle
—
Imperial
—
| APM avg | 33.3 |
| APM peak | 168 |
| eAPM avg | 31.1 |
| Villagers / military | 125 / 1267 |
Focus
⚔️ 66.3% · 🌾 33.7%
Scorpion ×507 · Battle Elephant ×286 · Scout Cavalry ×248 · Battering Ram ×124 · Ballista Elephant ×94 · Trade Cart ×76
Feudal
—
Castle
—
Imperial
—
| APM avg | 18.3 |
| APM peak | 73 |
| eAPM avg | 16.9 |
| Villagers / military | 163 / 3465 |
Focus
⚔️ 73.1% · 🌾 26.9%
Eagle Scout ×1598 · Spearman ×553 · Plumed Archer ×497 · Skirmisher ×428 · Archer ×300 · Trade Cart ×140
Feudal
—
Castle
—
Imperial
—
| APM avg | 21.1 |
| APM peak | 145 |
| eAPM avg | 18.6 |
| Villagers / military | 264 / 2714 |
Focus
⚔️ 65.9% · 🌾 34.1%
Knight ×1405 · Mangonel ×811 · Longbowman ×430 · Trade Cart ×130 · Spearman ×65 · Monk ×3
Feudal
—
Castle
—
Imperial
—
| APM avg | 59.1 |
| APM peak | 185 |
| eAPM avg | 55.1 |
| Villagers / military | 215 / 2775 |
Focus
⚔️ 75.8% · 🌾 24.2%
Woad Raider ×1285 · Knight ×838 · Mangonel ×289 · Skirmisher ×120 · Trade Cart ×99 · Scorpion ×91
Feudal
—
Castle
—
Imperial
—
| APM avg | 30.0 |
| APM peak | 68 |
| eAPM avg | 26.8 |
| Villagers / military | 499 / 2995 |
Focus
⚔️ 55.2% · 🌾 44.8%
Spearman ×1505 · Cataphract ×1084 · Scorpion ×206 · Trade Cart ×183 · Mangonel ×115 · Bombard Cannon ×75
Match map
Resources at game start + every placement click. Thick line = wall · dashed box = detected house wall. 🟡 gold · ⚪ stone · 🟢 berries · 🔶 boar · ⭕ relic
Inputs per minute
— IsaacNewton - - Angie on the Rock s
Build order — IsaacNewton
First 150 of 998 actions detected
| 0:29 | Build | Town Center |
| 0:35 | Build | Town Center |
| 0:39 | Build | Town Center |
| 1:04 | Build | Market |
| 1:05 | Build | Market |
| 1:07 | Build | Market |
| 1:25 | Build | Town Center |
| 1:33 | Build | Town Center |
| 1:38 | Create | Villager (Male) ×5 |
| 1:38 | Create | Villager (Male) ×5 |
| 1:38 | Create | Villager (Male) ×5 |
| 1:39 | Create | Villager (Male) ×5 |
| 1:39 | Create | Villager (Male) ×5 |
| 1:54 | Create | Villager (Male) |
| 1:54 | Create | Villager (Male) |
| 1:54 | Create | Villager (Male) |
| 1:55 | Create | Villager (Male) |
| 1:55 | Create | Villager (Male) |
| 1:56 | Create | Villager (Male) |
| 1:56 | Create | Villager (Male) |
| 1:57 | Create | Villager (Male) |
| 1:57 | Create | Villager (Male) |
| 1:57 | Create | Villager (Male) |
| 1:57 | Create | Villager (Male) |
| 1:58 | Create | Villager (Male) |
| 1:58 | Create | Villager (Male) |
| 1:58 | Create | Villager (Male) |
| 1:58 | Create | Villager (Male) |
| 1:59 | Create | Villager (Male) |
| 2:15 | Build | Mining Camp |
| 2:17 | Build | Mining Camp |
| 2:30 | Build | Mining Camp |
| 2:31 | Build | Mining Camp |
| 2:33 | Build | Mining Camp |
| 2:35 | Build | Mining Camp |
| 2:41 | Create | Villager (Male) ×5 |
| 2:41 | Create | Villager (Male) ×5 |
| 2:41 | Create | Villager (Male) ×5 |
| 2:41 | Create | Villager (Male) ×5 |
| 2:41 | Create | Villager (Male) ×5 |
| 2:48 | Create | Villager (Male) ×5 |
| 2:49 | Create | Villager (Male) ×5 |
| 2:49 | Create | Villager (Male) ×5 |
| 2:49 | Create | Villager (Male) ×5 |
| 2:49 | Create | Villager (Male) ×5 |
| 3:07 | Build | House |
| 3:08 | Build | House |
| 3:10 | Build | House |
| 3:11 | Build | House |
| 3:12 | Build | House |
| 3:13 | Build | House |
| 3:15 | Build | House |
| 3:16 | Build | House |
| 3:18 | Build | House |
| 3:19 | Build | House |
| 3:22 | Build | House |
| 3:23 | Build | House |
| 3:25 | Build | House |
| 3:27 | Build | House |
| 3:29 | Build | House |
| 3:31 | Build | House |
| 3:37 | Build | House |
| 3:40 | Build | House |
| 3:41 | Build | House |
| 3:43 | Build | House |
| 3:45 | Build | House |
| 3:51 | Build | House |
| 3:54 | Build | House |
| 3:56 | Build | House |
| 3:58 | Build | House |
| 3:58 | Build | House |
| 4:00 | Build | House |
| 4:01 | Build | House |
| 4:02 | Build | House |
| 4:07 | Create | Villager (Male) ×5 |
| 4:07 | Create | Villager (Male) ×5 |
| 4:08 | Create | Villager (Male) ×5 |
| 4:08 | Create | Villager (Male) ×5 |
| 4:08 | Create | Villager (Male) ×5 |
| 4:14 | Create | Villager (Male) ×5 |
| 4:14 | Create | Villager (Male) ×5 |
| 4:15 | Create | Villager (Male) ×5 |
| 4:15 | Create | Villager (Male) ×5 |
| 4:15 | Create | Villager (Male) ×5 |
| 4:20 | Create | Villager (Male) ×5 |
| 4:20 | Create | Villager (Male) ×5 |
| 4:20 | Create | Villager (Male) ×5 |
| 4:34 | Create | Trade Cart ×5 |
| 4:34 | Create | Trade Cart ×5 |
| 4:35 | Create | Trade Cart ×5 |
| 4:35 | Create | Trade Cart ×5 |
| 4:35 | Create | Trade Cart ×5 |
| 4:35 | Create | Trade Cart ×5 |
| 4:36 | Create | Trade Cart ×5 |
| 4:36 | Create | Trade Cart ×5 |
| 4:36 | Create | Trade Cart ×5 |
| 4:36 | Create | Trade Cart ×5 |
| 4:37 | Create | Trade Cart ×5 |
| 5:11 | Build | Castle |
| 5:28 | Build | Lumber Camp |
| 5:38 | Build | Farm |
| 5:39 | Build | Farm |
| 5:41 | Build | Farm |
| 5:43 | Build | Farm |
| 5:45 | Build | Farm |
| 5:47 | Build | Farm |
| 5:50 | Create | Villager (Male) |
| 5:51 | Create | Villager (Male) |
| 5:51 | Create | Villager (Male) |
| 5:51 | Create | Villager (Male) |
| 5:51 | Create | Villager (Male) |
| 5:57 | Create | Villager (Male) ×4 |
| 5:57 | Create | Villager (Male) ×4 |
| 5:57 | Create | Villager (Male) ×4 |
| 6:06 | Build | Lumber Camp |
| 6:29 | Build | Stone Wall |
| 6:35 | Build | Building 490 |
| 6:37 | Build | Building 490 |
| 6:41 | Build | Building 490 |
| 6:45 | Build | Building 490 |
| 6:48 | Build | Building 490 |
| 6:51 | Build | Building 490 |
| 6:55 | Create | Villager (Male) ×5 |
| 6:55 | Create | Villager (Male) ×5 |
| 6:55 | Create | Villager (Male) ×5 |
| 6:56 | Create | Villager (Male) ×5 |
| 6:57 | Create | Villager (Male) ×5 |
| 6:57 | Create | Villager (Male) |
| 6:58 | Create | Villager (Male) ×5 |
| 6:58 | Create | Villager (Male) ×5 |
| 6:59 | Create | Villager (Male) ×5 |
| 6:59 | Create | Villager (Male) ×5 |
| 6:59 | Create | Villager (Male) |
| 7:00 | Create | Villager (Male) ×5 |
| 7:00 | Create | Villager (Male) ×5 |
| 7:00 | Create | Villager (Male) ×5 |
| 7:02 | Create | Villager (Male) ×5 |
| 7:02 | Create | Villager (Male) ×5 |
| 7:02 | Create | Villager (Male) ×5 |
| 7:04 | Create | Villager (Male) ×3 |
| 7:04 | Create | Villager (Male) ×3 |
| 7:04 | Create | Villager (Male) ×3 |
| 7:15 | Build | Farm |
| 7:17 | Build | Farm |
| 7:19 | Build | Farm |
| 7:21 | Build | Farm |
| 7:28 | Build | Farm |
| 7:29 | Build | Farm |
| 7:31 | Build | Farm |
| 7:32 | Build | Farm |
Build order — Angie on the Rock s
First 150 of 1637 actions detected
| 0:04 | Create | Villager (Male) |
| 0:05 | Create | Villager (Male) |
| 0:05 | Create | Villager (Male) |
| 0:05 | Create | Villager (Male) |
| 0:05 | Create | Villager (Male) |
| 0:06 | Create | Villager (Male) |
| 0:06 | Create | Villager (Male) |
| 0:06 | Create | Villager (Male) |
| 0:06 | Create | Villager (Male) |
| 0:07 | Create | Villager (Male) |
| 0:07 | Create | Villager (Male) |
| 0:07 | Create | Villager (Male) |
| 0:07 | Create | Villager (Male) |
| 0:08 | Create | Villager (Male) |
| 0:08 | Create | Villager (Male) |
| 0:08 | Create | Villager (Male) |
| 0:19 | Build | Market |
| 0:24 | Build | Market |
| 0:29 | Build | Market |
| 0:33 | Build | Market |
| 0:37 | Build | Market |
| 0:51 | Build | Market |
| 1:06 | Build | House |
| 1:07 | Build | House |
| 1:09 | Build | House |
| 1:10 | Build | House |
| 1:12 | Build | House |
| 1:13 | Build | House |
| 1:14 | Build | House |
| 1:15 | Build | House |
| 1:17 | Build | House |
| 1:18 | Build | House |
| 1:29 | Build | Town Center |
| 1:39 | Build | Town Center |
| 1:51 | Build | Town Center |
| 2:02 | Build | Town Center |
| 2:10 | Build | Monastery |
| 2:25 | Build | Town Center |
| 2:42 | Build | Town Center |
| 3:06 | Create | Villager (Male) |
| 3:07 | Create | Villager (Male) |
| 3:08 | Create | Villager (Male) |
| 3:08 | Create | Villager (Male) |
| 3:08 | Create | Villager (Male) |
| 3:08 | Create | Villager (Male) |
| 3:27 | Create | Villager (Male) |
| 3:28 | Create | Villager (Male) |
| 3:28 | Create | Villager (Male) |
| 3:28 | Create | Villager (Male) |
| 3:28 | Create | Villager (Male) |
| 3:29 | Create | Villager (Male) |
| 3:29 | Create | Villager (Male) |
| 3:29 | Create | Villager (Male) |
| 3:29 | Create | Villager (Male) |
| 3:30 | Create | Villager (Male) |
| 3:30 | Create | Villager (Male) |
| 3:30 | Create | Villager (Male) |
| 3:33 | Create | Villager (Male) |
| 3:34 | Create | Villager (Male) |
| 3:34 | Create | Villager (Male) |
| 3:34 | Create | Villager (Male) |
| 3:34 | Create | Villager (Male) |
| 3:35 | Create | Villager (Male) |
| 3:35 | Create | Villager (Male) |
| 3:35 | Create | Villager (Male) |
| 3:35 | Create | Villager (Male) |
| 3:36 | Create | Villager (Male) |
| 3:36 | Create | Villager (Male) |
| 3:36 | Create | Villager (Male) |
| 3:36 | Create | Villager (Male) |
| 3:36 | Create | Villager (Male) |
| 3:37 | Create | Villager (Male) |
| 3:37 | Create | Villager (Male) |
| 3:55 | Create | Monk |
| 4:11 | Build | House |
| 4:12 | Build | House |
| 4:13 | Build | House |
| 4:14 | Build | House |
| 4:16 | Build | House |
| 4:18 | Build | House |
| 4:20 | Build | House |
| 4:22 | Build | House |
| 4:23 | Build | House |
| 4:24 | Build | House |
| 4:31 | Build | House |
| 4:34 | Build | House |
| 4:35 | Build | House |
| 4:36 | Build | House |
| 4:37 | Build | House |
| 4:38 | Build | House |
| 4:40 | Build | House |
| 4:41 | Build | House |
| 4:43 | Build | House |
| 4:45 | Build | House |
| 4:46 | Build | House |
| 4:48 | Build | House |
| 4:49 | Build | House |
| 4:52 | Build | House |
| 5:07 | Build | Town Center |
| 5:11 | Create | Trade Cart |
| 5:12 | Create | Trade Cart |
| 5:13 | Create | Trade Cart |
| 5:13 | Create | Trade Cart |
| 5:13 | Create | Trade Cart |
| 5:13 | Create | Trade Cart |
| 5:14 | Create | Trade Cart |
| 5:14 | Create | Trade Cart |
| 5:15 | Create | Trade Cart |
| 5:16 | Create | Trade Cart |
| 5:16 | Create | Trade Cart |
| 5:16 | Create | Trade Cart |
| 5:16 | Create | Trade Cart |
| 5:16 | Create | Trade Cart |
| 5:17 | Create | Trade Cart |
| 5:17 | Create | Trade Cart |
| 5:17 | Create | Trade Cart |
| 5:17 | Create | Trade Cart |
| 5:18 | Create | Trade Cart |
| 5:18 | Create | Trade Cart |
| 5:18 | Create | Trade Cart |
| 5:19 | Create | Trade Cart |
| 5:19 | Create | Trade Cart |
| 5:19 | Create | Trade Cart |
| 5:20 | Create | Trade Cart |
| 5:20 | Create | Trade Cart |
| 5:20 | Create | Trade Cart |
| 5:20 | Create | Trade Cart |
| 5:20 | Create | Trade Cart |
| 5:21 | Create | Trade Cart |
| 5:21 | Create | Trade Cart |
| 5:21 | Create | Trade Cart |
| 5:22 | Create | Trade Cart |
| 5:23 | Create | Trade Cart |
| 5:23 | Create | Trade Cart |
| 5:24 | Create | Trade Cart |
| 5:24 | Create | Trade Cart |
| 5:24 | Create | Trade Cart |
| 5:24 | Create | Trade Cart |
| 5:25 | Create | Trade Cart |
| 5:25 | Create | Trade Cart |
| 5:25 | Create | Trade Cart |
| 5:26 | Create | Trade Cart |
| 5:26 | Create | Trade Cart |
| 5:26 | Create | Trade Cart |
| 5:26 | Create | Trade Cart |
| 5:26 | Create | Trade Cart |
| 5:27 | Create | Trade Cart |
| 5:27 | Create | Trade Cart |
| 5:27 | Create | Trade Cart |
| 5:27 | Create | Trade Cart |
Build order — Nataliia
First 150 of 1025 actions detected
| 0:05 | Create | Villager (Male) ×5 |
| 0:06 | Create | Villager (Male) ×5 |
| 0:06 | Create | Villager (Male) ×5 |
| 0:06 | Create | Villager (Male) ×5 |
| 0:16 | Build | House |
| 0:17 | Build | House |
| 0:19 | Build | House |
| 0:21 | Build | House |
| 0:22 | Build | House |
| 0:24 | Build | House |
| 0:25 | Build | House |
| 0:27 | Build | House |
| 0:29 | Build | House |
| 0:31 | Build | House |
| 0:45 | Build | Town Center |
| 1:07 | Build | Town Center |
| 1:29 | Build | Town Center |
| 1:49 | Build | Market |
| 1:50 | Build | Market |
| 1:54 | Build | Market |
| 2:06 | Build | Mining Camp |
| 2:27 | Build | Mining Camp |
| 2:32 | Create | Villager (Male) ×5 |
| 2:33 | Create | Villager (Male) ×5 |
| 2:40 | Create | Villager (Male) ×5 |
| 2:41 | Create | Villager (Male) ×5 |
| 2:41 | Create | Villager (Male) ×5 |
| 2:41 | Create | Villager (Male) ×5 |
| 2:57 | Build | Mill |
| 3:02 | Build | Farm |
| 3:04 | Build | Farm |
| 3:07 | Build | Farm |
| 3:08 | Build | Farm |
| 3:10 | Build | Farm |
| 3:12 | Build | Farm |
| 3:14 | Build | Farm |
| 3:17 | Build | Farm |
| 3:36 | Build | Mill |
| 3:40 | Build | Farm |
| 3:42 | Build | Farm |
| 3:43 | Build | Farm |
| 3:45 | Build | Farm |
| 3:46 | Build | Farm |
| 3:48 | Build | Farm |
| 3:50 | Build | Farm |
| 3:52 | Build | Farm |
| 3:58 | Create | Villager (Male) ×5 |
| 3:58 | Create | Villager (Male) ×5 |
| 3:58 | Create | Villager (Male) ×5 |
| 3:59 | Create | Villager (Male) ×5 |
| 4:06 | Create | Villager (Male) ×5 |
| 4:06 | Create | Villager (Male) ×5 |
| 4:06 | Create | Villager (Male) ×5 |
| 4:06 | Create | Villager (Male) ×5 |
| 4:28 | Create | Trade Cart ×5 |
| 4:28 | Create | Trade Cart ×5 |
| 4:28 | Create | Trade Cart ×5 |
| 4:29 | Create | Trade Cart ×5 |
| 4:29 | Create | Trade Cart ×5 |
| 4:29 | Create | Trade Cart ×5 |
| 4:53 | Build | Stone Wall |
| 4:57 | Build | Building 490 |
| 5:02 | Build | Stone Wall |
| 5:07 | Build | Stone Wall |
| 5:13 | Build | Building 490 |
| 5:19 | Build | Stone Wall |
| 5:29 | Build | Building 490 |
| 5:37 | Build | Stone Wall |
| 5:43 | Build | Building 490 |
| 5:49 | Build | Stone Wall |
| 6:09 | Build | Stone Wall |
| 6:16 | Build | Building 490 |
| 6:23 | Build | Stone Wall |
| 6:30 | Build | Building 490 |
| 6:40 | Build | Stone Wall |
| 6:51 | Create | Villager (Male) ×5 |
| 6:51 | Create | Villager (Male) ×5 |
| 7:08 | Build | Mill |
| 7:13 | Build | Farm |
| 7:14 | Build | Farm |
| 7:16 | Build | Farm |
| 7:17 | Build | Farm |
| 7:18 | Build | Farm |
| 7:20 | Build | Farm |
| 7:21 | Build | Farm |
| 7:22 | Build | Farm |
| 7:31 | Create | Villager (Male) ×5 |
| 7:32 | Create | Villager (Male) ×3 |
| 7:53 | Build | Mill |
| 8:02 | Build | Farm |
| 8:05 | Build | Farm |
| 8:07 | Build | Farm |
| 8:08 | Build | Farm |
| 8:13 | Build | Farm |
| 8:21 | Build | Farm |
| 8:23 | Build | Farm |
| 8:25 | Build | Farm |
| 8:43 | Create | Villager (Male) ×5 |
| 8:43 | Create | Villager (Male) ×5 |
| 8:43 | Create | Villager (Male) |
| 8:56 | Build | Barracks |
| 8:58 | Build | Barracks |
| 9:00 | Build | Barracks |
| 9:02 | Build | Barracks |
| 9:07 | Build | Barracks |
| 9:09 | Build | Barracks |
| 9:11 | Build | Barracks |
| 9:13 | Build | Barracks |
| 9:20 | Build | Barracks |
| 9:23 | Build | Barracks |
| 9:25 | Build | Barracks |
| 9:26 | Build | Barracks |
| 9:42 | Build | House |
| 9:43 | Build | House |
| 9:44 | Build | House |
| 9:45 | Build | House |
| 9:46 | Build | House |
| 9:47 | Build | House |
| 9:48 | Build | House |
| 9:49 | Build | House |
| 9:51 | Build | House |
| 9:53 | Build | House |
| 9:54 | Build | House |
| 9:55 | Build | House |
| 9:56 | Build | House |
| 9:58 | Build | House |
| 10:06 | Create | Villager (Male) ×5 |
| 10:07 | Create | Villager (Male) ×5 |
| 10:07 | Create | Villager (Male) ×5 |
| 10:07 | Create | Villager (Male) ×5 |
| 11:15 | Build | Castle |
| 11:17 | Build | Castle |
| 11:19 | Build | Castle |
| 11:24 | Build | Castle |
| 11:26 | Build | Castle |
| 12:01 | Build | House |
| 12:03 | Build | House |
| 12:06 | Build | House |
| 12:07 | Build | House |
| 12:07 | Build | House |
| 12:09 | Build | House |
| 12:10 | Build | House |
| 12:40 | Build | Building 490 |
| 12:47 | Build | Stone Wall |
| 12:54 | Build | Stone Wall |
| 13:01 | Build | Building 490 |
| 13:08 | Build | Stone Wall |
| 13:31 | Create | Villager (Male) ×5 |
| 13:31 | Create | Villager (Male) ×5 |
| 13:51 | Build | Farm |
Build order — JoelReagan
First 150 of 903 actions detected
| 0:04 | Create | Villager (Male) ×5 |
| 0:05 | Create | Villager (Male) ×5 |
| 0:05 | Create | Villager (Male) ×5 |
| 0:05 | Create | Villager (Male) ×5 |
| 0:11 | Build | Town Center |
| 0:12 | Build | Town Center |
| 0:15 | Build | Town Center |
| 0:16 | Build | Town Center |
| 0:21 | Build | Town Center |
| 0:23 | Build | Town Center |
| 0:25 | Build | Town Center |
| 0:31 | Build | Town Center |
| 0:33 | Build | Town Center |
| 0:39 | Build | Town Center |
| 0:45 | Build | Town Center |
| 0:49 | Create | Villager (Male) ×5 |
| 0:49 | Create | Villager (Male) ×5 |
| 0:50 | Create | Villager (Male) ×5 |
| 0:50 | Create | Villager (Male) ×5 |
| 0:57 | Build | Market |
| 0:59 | Build | Market |
| 1:01 | Build | Market |
| 1:04 | Build | Market |
| 1:07 | Build | Market |
| 1:11 | Build | Market |
| 1:21 | Build | House |
| 1:23 | Build | House |
| 1:24 | Build | House |
| 1:25 | Build | House |
| 1:26 | Build | House |
| 1:27 | Build | House |
| 1:28 | Build | House |
| 1:29 | Build | House |
| 1:35 | Build | House |
| 1:36 | Build | House |
| 1:37 | Build | House |
| 1:38 | Build | House |
| 1:39 | Build | House |
| 1:40 | Build | House |
| 1:41 | Build | House |
| 1:43 | Build | House |
| 1:44 | Build | House |
| 1:47 | Build | House |
| 1:48 | Build | House |
| 1:50 | Build | House |
| 1:51 | Build | House |
| 1:53 | Build | House |
| 1:54 | Build | House |
| 1:55 | Build | House |
| 1:56 | Build | House |
| 2:01 | Create | Villager (Male) ×5 |
| 2:02 | Create | Villager (Male) ×5 |
| 2:02 | Create | Villager (Male) ×5 |
| 2:07 | Create | Villager (Male) ×5 |
| 2:08 | Create | Villager (Male) ×5 |
| 2:08 | Create | Villager (Male) ×5 |
| 2:08 | Create | Villager (Male) ×5 |
| 2:11 | Create | Villager (Male) ×5 |
| 2:11 | Create | Villager (Male) ×5 |
| 2:11 | Create | Villager (Male) ×5 |
| 2:12 | Create | Villager (Male) ×5 |
| 2:16 | Build | Farm |
| 2:17 | Build | Farm |
| 2:18 | Build | Farm |
| 2:24 | Create | Villager (Male) ×3 |
| 2:24 | Create | Villager (Male) ×3 |
| 2:31 | Create | Villager (Male) ×5 |
| 2:31 | Create | Villager (Male) ×5 |
| 2:32 | Create | Villager (Male) ×5 |
| 2:32 | Create | Villager (Male) ×5 |
| 2:43 | Build | Farm |
| 3:16 | Build | Farm |
| 3:18 | Create | Villager (Male) ×5 |
| 3:18 | Create | Villager (Male) ×5 |
| 3:18 | Create | Villager (Male) ×5 |
| 3:19 | Create | Villager (Male) ×5 |
| 3:35 | Create | Villager (Male) ×5 |
| 3:36 | Create | Villager (Male) ×5 |
| 3:36 | Create | Villager (Male) ×5 |
| 3:36 | Create | Villager (Male) ×5 |
| 3:45 | Build | Farm |
| 3:47 | Create | Villager (Male) ×5 |
| 3:48 | Create | Villager (Male) ×4 |
| 3:54 | Create | Villager (Male) |
| 3:54 | Create | Villager (Male) |
| 4:01 | Create | Trade Cart ×5 |
| 4:01 | Create | Trade Cart ×5 |
| 4:02 | Create | Trade Cart ×5 |
| 4:02 | Create | Trade Cart ×5 |
| 4:02 | Create | Trade Cart ×5 |
| 4:03 | Create | Trade Cart ×5 |
| 4:03 | Create | Trade Cart ×5 |
| 4:04 | Create | Trade Cart ×5 |
| 4:04 | Create | Trade Cart ×5 |
| 4:04 | Create | Trade Cart ×5 |
| 4:05 | Create | Trade Cart ×5 |
| 4:05 | Create | Trade Cart ×5 |
| 4:05 | Create | Trade Cart ×5 |
| 4:06 | Create | Trade Cart ×5 |
| 4:06 | Create | Trade Cart ×5 |
| 4:07 | Create | Trade Cart ×5 |
| 4:12 | Create | Trade Cart ×5 |
| 4:12 | Create | Trade Cart ×5 |
| 4:12 | Create | Trade Cart ×5 |
| 4:13 | Create | Trade Cart ×5 |
| 4:26 | Create | Villager (Male) |
| 4:27 | Create | Villager (Male) |
| 4:30 | Build | Farm |
| 4:31 | Build | Farm |
| 4:34 | Create | Villager (Male) |
| 4:39 | Create | Villager (Male) ×5 |
| 4:39 | Create | Villager (Male) ×5 |
| 4:41 | Create | Villager (Male) ×5 |
| 4:43 | Create | Villager (Male) ×5 |
| 4:43 | Create | Villager (Male) ×5 |
| 4:43 | Create | Villager (Male) ×5 |
| 4:44 | Create | Villager (Male) ×5 |
| 4:52 | Build | Farm |
| 4:55 | Create | Villager (Male) |
| 4:55 | Create | Villager (Male) |
| 5:09 | Build | Farm |
| 5:22 | Build | Monastery |
| 5:36 | Build | Farm |
| 5:43 | Create | Villager (Male) ×5 |
| 5:44 | Create | Villager (Male) ×5 |
| 5:44 | Create | Villager (Male) ×5 |
| 5:44 | Create | Villager (Male) ×5 |
| 5:55 | Build | Farm |
| 5:57 | Create | Villager (Male) |
| 5:57 | Create | Villager (Male) |
| 5:58 | Create | Villager (Male) |
| 5:58 | Create | Villager (Male) |
| 6:03 | Build | House |
| 6:04 | Build | House |
| 6:05 | Build | House |
| 6:06 | Build | House |
| 6:07 | Build | House |
| 6:08 | Build | House |
| 6:11 | Build | House |
| 6:12 | Build | House |
| 6:13 | Build | House |
| 6:24 | Create | Villager (Male) ×5 |
| 6:24 | Create | Villager (Male) |
| 6:33 | Create | Villager (Male) ×5 |
| 6:34 | Create | Villager (Male) ×5 |
| 6:34 | Create | Villager (Male) ×5 |
| 6:34 | Create | Villager (Male) ×5 |
| 7:05 | Build | Stone Wall |
| 7:19 | Create | Villager (Male) |
| 7:19 | Create | Villager (Male) |
Build order — NewLifeSoldier
First 150 of 3487 actions detected
| 0:14 | Build | Town Center |
| 0:17 | Create | Villager (Male) |
| 0:17 | Create | Villager (Male) |
| 0:17 | Create | Villager (Male) |
| 0:18 | Create | Villager (Male) |
| 0:18 | Create | Villager (Male) |
| 0:18 | Create | Villager (Male) |
| 0:18 | Create | Villager (Male) |
| 0:19 | Create | Villager (Male) |
| 0:19 | Create | Villager (Male) |
| 0:19 | Create | Villager (Male) |
| 0:19 | Create | Villager (Male) |
| 0:20 | Create | Villager (Male) |
| 0:20 | Create | Villager (Male) |
| 0:20 | Create | Villager (Male) |
| 0:20 | Create | Villager (Male) |
| 0:20 | Create | Villager (Male) |
| 0:28 | Build | Town Center |
| 0:34 | Build | Town Center |
| 0:49 | Build | Market |
| 0:51 | Build | Market |
| 0:52 | Build | Market |
| 0:54 | Build | Market |
| 0:56 | Build | Market |
| 1:08 | Build | Town Center |
| 1:16 | Build | Town Center |
| 1:18 | Build | Town Center |
| 1:28 | Build | Town Center |
| 1:30 | Build | Town Center |
| 1:32 | Build | Town Center |
| 1:38 | Create | Villager (Male) |
| 1:39 | Create | Villager (Male) |
| 1:39 | Create | Villager (Male) |
| 1:39 | Create | Villager (Male) |
| 1:39 | Create | Villager (Male) |
| 1:40 | Create | Villager (Male) |
| 1:40 | Create | Villager (Male) |
| 1:40 | Create | Villager (Male) |
| 1:40 | Create | Villager (Male) |
| 1:41 | Create | Villager (Male) |
| 1:41 | Create | Villager (Male) |
| 1:41 | Create | Villager (Male) |
| 1:41 | Create | Villager (Male) |
| 1:42 | Create | Villager (Male) |
| 1:42 | Create | Villager (Male) |
| 1:42 | Create | Villager (Male) |
| 1:45 | Create | Villager (Male) |
| 1:45 | Create | Villager (Male) |
| 1:46 | Create | Villager (Male) |
| 1:46 | Create | Villager (Male) |
| 1:46 | Create | Villager (Male) |
| 1:46 | Create | Villager (Male) |
| 1:47 | Create | Villager (Male) |
| 1:47 | Create | Villager (Male) |
| 1:47 | Create | Villager (Male) |
| 1:47 | Create | Villager (Male) |
| 1:48 | Create | Villager (Male) |
| 1:48 | Create | Villager (Male) |
| 1:48 | Create | Villager (Male) |
| 1:48 | Create | Villager (Male) |
| 1:48 | Create | Villager (Male) |
| 1:49 | Create | Villager (Male) |
| 2:02 | Build | Town Center |
| 2:26 | Create | Villager (Male) |
| 2:26 | Create | Villager (Male) |
| 2:26 | Create | Villager (Male) |
| 2:27 | Create | Villager (Male) |
| 2:27 | Create | Villager (Male) |
| 2:27 | Create | Villager (Male) |
| 2:27 | Create | Villager (Male) |
| 2:28 | Create | Villager (Male) |
| 2:28 | Create | Villager (Male) |
| 2:28 | Create | Villager (Male) |
| 2:29 | Create | Villager (Male) |
| 2:29 | Create | Villager (Male) |
| 2:29 | Create | Villager (Male) |
| 2:29 | Create | Villager (Male) |
| 2:30 | Create | Villager (Male) |
| 2:30 | Create | Villager (Male) |
| 2:30 | Create | Villager (Male) |
| 2:49 | Build | Mining Camp |
| 2:57 | Create | Villager (Male) |
| 2:57 | Create | Villager (Male) |
| 2:57 | Create | Villager (Male) |
| 2:58 | Create | Villager (Male) |
| 2:58 | Create | Villager (Male) |
| 2:58 | Create | Villager (Male) |
| 2:58 | Create | Villager (Male) |
| 2:59 | Create | Villager (Male) |
| 2:59 | Create | Villager (Male) |
| 2:59 | Create | Villager (Male) |
| 2:59 | Create | Villager (Male) |
| 3:00 | Create | Villager (Male) |
| 3:00 | Create | Villager (Male) |
| 3:00 | Create | Villager (Male) |
| 3:00 | Create | Villager (Male) |
| 3:00 | Create | Villager (Male) |
| 3:30 | Build | Stone Wall |
| 3:33 | Build | Building 490 |
| 3:37 | Create | Villager (Male) |
| 3:37 | Create | Villager (Male) |
| 3:37 | Create | Villager (Male) |
| 3:59 | Build | House |
| 4:01 | Build | House |
| 4:01 | Build | House |
| 4:02 | Build | House |
| 4:03 | Build | House |
| 4:04 | Build | House |
| 4:05 | Build | House |
| 4:06 | Build | House |
| 4:06 | Build | House |
| 4:07 | Build | House |
| 4:07 | Build | House |
| 4:07 | Build | House |
| 4:08 | Build | House |
| 4:08 | Build | House |
| 4:09 | Build | House |
| 4:09 | Build | House |
| 4:09 | Build | House |
| 4:09 | Build | House |
| 4:10 | Build | House |
| 4:10 | Build | House |
| 4:11 | Build | House |
| 4:11 | Build | House |
| 4:14 | Build | House |
| 4:15 | Build | House |
| 4:15 | Build | House |
| 4:15 | Build | House |
| 4:16 | Build | House |
| 4:17 | Build | House |
| 4:20 | Build | House |
| 4:20 | Build | House |
| 4:23 | Build | House |
| 4:24 | Build | House |
| 4:25 | Build | House |
| 4:26 | Build | House |
| 4:27 | Build | House |
| 4:30 | Build | House |
| 4:31 | Build | House |
| 4:32 | Build | House |
| 4:33 | Build | House |
| 4:34 | Build | House |
| 4:35 | Build | House |
| 4:36 | Build | House |
| 4:37 | Build | House |
| 4:39 | Build | House |
| 4:42 | Build | House |
| 4:43 | Build | House |
| 4:52 | Build | Stone Wall |
| 4:53 | Build | Stone Wall |
Build order — Derp
First 150 of 1175 actions detected
| 0:06 | Build | Town Center |
| 0:09 | Build | Town Center |
| 0:10 | Build | Town Center |
| 0:13 | Build | Town Center |
| 0:15 | Build | Town Center |
| 0:17 | Build | Town Center |
| 0:19 | Build | Town Center |
| 0:21 | Build | Town Center |
| 0:24 | Build | Town Center |
| 0:25 | Build | Town Center |
| 0:27 | Build | Town Center |
| 0:31 | Build | Town Center |
| 0:34 | Build | Town Center |
| 0:38 | Build | Town Center |
| 0:40 | Build | Town Center |
| 0:42 | Build | Town Center |
| 0:53 | Create | Villager (Male) ×5 |
| 0:53 | Create | Villager (Male) ×5 |
| 0:53 | Create | Villager (Male) ×5 |
| 0:54 | Create | Villager (Male) ×5 |
| 0:54 | Create | Villager (Male) ×5 |
| 0:54 | Create | Villager (Male) ×5 |
| 0:54 | Create | Villager (Male) ×5 |
| 0:55 | Create | Villager (Male) ×5 |
| 0:55 | Create | Villager (Male) ×5 |
| 1:03 | Create | Villager (Male) ×5 |
| 1:03 | Create | Villager (Male) ×5 |
| 1:03 | Create | Villager (Male) ×5 |
| 1:38 | Build | Market |
| 1:40 | Build | Market |
| 1:44 | Build | Market |
| 1:46 | Build | Market |
| 1:48 | Build | Market |
| 1:58 | Build | Market |
| 2:00 | Build | Market |
| 2:11 | Create | Villager (Male) ×5 |
| 2:12 | Create | Villager (Male) ×5 |
| 2:12 | Create | Villager (Male) ×5 |
| 2:12 | Create | Villager (Male) ×5 |
| 2:13 | Create | Villager (Male) ×5 |
| 2:13 | Create | Villager (Male) ×5 |
| 2:13 | Create | Villager (Male) ×5 |
| 2:13 | Create | Villager (Male) ×5 |
| 2:23 | Build | House |
| 2:26 | Build | House |
| 2:29 | Build | House |
| 2:30 | Build | House |
| 2:31 | Build | House |
| 2:31 | Build | House |
| 2:32 | Build | House |
| 2:34 | Build | House |
| 2:37 | Build | House |
| 2:38 | Build | House |
| 2:39 | Build | House |
| 2:40 | Build | House |
| 2:41 | Build | House |
| 2:42 | Build | House |
| 2:43 | Build | House |
| 2:44 | Build | House |
| 2:48 | Build | House |
| 2:49 | Build | House |
| 2:50 | Build | House |
| 2:51 | Build | House |
| 2:52 | Build | House |
| 2:53 | Build | House |
| 2:54 | Build | House |
| 2:55 | Build | House |
| 2:56 | Build | House |
| 2:56 | Build | House |
| 2:58 | Build | House |
| 2:59 | Build | House |
| 3:00 | Build | House |
| 3:01 | Build | House |
| 3:05 | Create | Villager (Male) ×5 |
| 3:05 | Create | Villager (Male) ×5 |
| 3:05 | Create | Villager (Male) ×5 |
| 3:05 | Create | Villager (Male) ×5 |
| 3:06 | Create | Villager (Male) ×5 |
| 3:06 | Create | Villager (Male) ×5 |
| 3:06 | Create | Villager (Male) ×5 |
| 3:07 | Create | Villager (Male) ×5 |
| 3:12 | Build | Mining Camp |
| 3:28 | Build | Lumber Camp |
| 3:31 | Build | Lumber Camp |
| 3:36 | Build | Lumber Camp |
| 3:41 | Create | Villager (Male) ×5 |
| 3:41 | Create | Villager (Male) ×5 |
| 3:42 | Create | Villager (Male) ×5 |
| 3:42 | Create | Villager (Male) ×5 |
| 3:42 | Create | Villager (Male) ×5 |
| 3:42 | Create | Villager (Male) ×5 |
| 3:43 | Create | Villager (Male) ×5 |
| 3:50 | Build | Lumber Camp |
| 4:02 | Build | Farm |
| 4:03 | Build | Farm |
| 4:04 | Build | Farm |
| 4:06 | Build | Farm |
| 4:07 | Build | Farm |
| 4:08 | Build | Farm |
| 4:11 | Build | Farm |
| 4:12 | Build | Farm |
| 4:13 | Build | Farm |
| 4:14 | Build | Farm |
| 4:15 | Build | Farm |
| 4:17 | Build | Farm |
| 4:31 | Create | Villager (Male) ×5 |
| 4:31 | Create | Villager (Male) ×5 |
| 4:31 | Create | Villager (Male) ×5 |
| 4:32 | Create | Villager (Male) ×5 |
| 4:32 | Create | Villager (Male) ×5 |
| 4:32 | Create | Villager (Male) ×5 |
| 4:32 | Create | Villager (Male) ×5 |
| 4:41 | Build | Mining Camp |
| 4:45 | Create | Trade Cart ×5 |
| 4:45 | Create | Trade Cart ×5 |
| 4:46 | Create | Trade Cart ×5 |
| 4:46 | Create | Trade Cart ×5 |
| 4:46 | Create | Trade Cart ×5 |
| 4:47 | Create | Trade Cart ×5 |
| 4:47 | Create | Trade Cart ×5 |
| 4:47 | Create | Trade Cart ×5 |
| 4:48 | Create | Trade Cart ×5 |
| 4:48 | Create | Trade Cart ×5 |
| 5:14 | Build | Farm |
| 5:17 | Build | Farm |
| 5:21 | Create | Villager (Male) ×5 |
| 5:21 | Create | Villager (Male) ×5 |
| 5:22 | Create | Villager (Male) ×5 |
| 5:22 | Create | Villager (Male) ×5 |
| 5:22 | Create | Villager (Male) ×5 |
| 5:22 | Create | Villager (Male) ×5 |
| 5:32 | Build | Farm |
| 5:33 | Build | Farm |
| 5:37 | Create | Villager (Male) ×5 |
| 5:37 | Create | Villager (Male) ×5 |
| 5:38 | Create | Villager (Male) ×5 |
| 5:38 | Create | Villager (Male) ×5 |
| 5:38 | Create | Villager (Male) ×5 |
| 5:38 | Create | Villager (Male) ×5 |
| 5:45 | Build | Mining Camp |
| 5:51 | Create | Villager (Male) ×5 |
| 5:51 | Create | Villager (Male) ×5 |
| 5:52 | Create | Villager (Male) ×5 |
| 5:52 | Create | Villager (Male) ×5 |
| 5:53 | Create | Villager (Male) ×5 |
| 5:53 | Create | Villager (Male) ×5 |
| 5:53 | Create | Villager (Male) ×5 |
| 6:06 | Build | Lumber Camp |
| 6:17 | Build | Lumber Camp |
| 6:20 | Create | Villager (Male) ×5 |
Match timeline
| 2:10 | Angie on the Rock s · first_building Monastery |
| 3:30 | NewLifeSoldier · wall_segment Stone Wall x31 |
| 4:52 | NewLifeSoldier · wall_segment Stone Wall x1 |
| 4:53 | Nataliia · wall_segment Stone Wall x9 |
| 4:53 | NewLifeSoldier · wall_segment Stone Wall x1 |
| 5:02 | Nataliia · wall_segment Stone Wall x9 |
| 5:03 | NewLifeSoldier · wall_segment Stone Wall x23 |
| 5:07 | Nataliia · wall_segment Stone Wall x8 |
| 5:08 | NewLifeSoldier · wall_segment Stone Wall x23 |
| 5:11 | IsaacNewton · first_building Castle |
| 5:19 | Nataliia · wall_segment Stone Wall x11 |
| 5:22 | JoelReagan · first_building Monastery |
| 5:37 | Nataliia · wall_segment Stone Wall x12 |
| 5:49 | Nataliia · wall_segment Stone Wall x7 |
| 6:09 | Nataliia · wall_segment Stone Wall x7 |
| 6:23 | Nataliia · wall_segment Stone Wall x7 |
| 6:29 | IsaacNewton · wall_segment Stone Wall x77 |
| 6:40 | Nataliia · wall_segment Stone Wall x11 |
| 7:05 | JoelReagan · wall_segment Stone Wall x28 |
| 7:46 | JoelReagan · first_building Castle |
| 8:15 | NewLifeSoldier · wall_segment Stone Wall x28 |
| 8:24 | NewLifeSoldier · wall_segment Stone Wall x41 |
| 8:40 | NewLifeSoldier · first_building Stable |
| 8:50 | IsaacNewton · first_building Stable |
| 8:56 | Nataliia · first_building Barracks |
| 9:09 | IsaacNewton · first_building Barracks |
| 10:00 | Derp · wall_segment Stone Wall x42 |
| 10:11 | Derp · wall_segment Stone Wall x17 |
| 10:14 | IsaacNewton · wall_segment Stone Wall x1 |
| 10:14 | Derp · wall_segment Stone Wall x6 |
| 10:15 | JoelReagan · wall_segment Stone Wall x16 |
| 10:15 | IsaacNewton · wall_segment Stone Wall x1 |
| 10:16 | NewLifeSoldier · first_building Castle |
| 10:25 | Derp · wall_segment Stone Wall x3 |
| 10:39 | Derp · wall_segment Stone Wall x73 |
| 10:48 | Derp · wall_segment Stone Wall x24 |
| 10:55 | NewLifeSoldier · first_building Barracks |
| 11:12 | IsaacNewton · wall_segment Stone Wall x36 |
| 11:15 | Nataliia · first_building Castle |
| 11:39 | IsaacNewton · wall_segment Stone Wall x5 |
| 11:49 | IsaacNewton · wall_segment Stone Wall x23 |
| 12:11 | JoelReagan · first_building Siege Workshop |
| 12:40 | NewLifeSoldier · first_building Siege Workshop |
| 12:47 | Nataliia · wall_segment Stone Wall x3 |
| 12:51 | IsaacNewton · first_building Siege Workshop |
| 12:54 | Nataliia · wall_segment Stone Wall x10 |
| 13:08 | Nataliia · wall_segment Stone Wall x6 |
| 13:09 | JoelReagan · wall_segment Stone Wall x14 |
| 13:18 | NewLifeSoldier · first_market_buy 100 stone |
| 13:31 | Derp · wall_segment Stone Wall x4 |
| 13:39 | Derp · wall_segment Stone Wall x51 |
| 14:07 | Angie on the Rock s · wall_segment Stone Wall x67 |
| 14:09 | Derp · wall_segment Stone Wall x9 |
| 14:14 | Derp · wall_segment Stone Wall x18 |
| 14:14 | JoelReagan · first_building Stable |
| 14:29 | Derp · first_building Siege Workshop |
| 15:53 | JoelReagan · first_building Barracks |
| 15:54 | Nataliia · wall_segment Stone Wall x9 |
| 16:13 | Angie on the Rock s · first_building Siege Workshop |
| 16:13 | Nataliia · wall_segment Stone Wall x7 |
| 16:15 | Derp · first_building Castle |
| 16:31 | Nataliia · wall_segment Stone Wall x10 |
| 17:09 | IsaacNewton · wall_segment Stone Wall x1 |
| 17:10 | IsaacNewton · wall_segment Stone Wall x1 |
| 17:18 | IsaacNewton · first_building Archery Range |
| 17:28 | Nataliia · first_building Archery Range |
| 17:49 | Derp · first_building Barracks |
| 17:56 | IsaacNewton · first_building Monastery |
| 17:58 | NewLifeSoldier · wall_segment Stone Wall x2 |
| 19:25 | Derp · wall_segment Stone Wall x7 |
| 19:27 | Derp · wall_segment Stone Wall x13 |
| 19:29 | Derp · wall_segment Stone Wall x6 |
| 20:06 | Angie on the Rock s · first_building Stable |
| 20:36 | Derp · first_market_buy 100 stone |
| 20:43 | Angie on the Rock s · first_building Castle |
| 27:05 | Nataliia · first_building Siege Workshop |
| 30:20 | JoelReagan · wall_segment Stone Wall x36 |
| 32:38 | JoelReagan · first_market_buy 100 stone |
| 34:51 | JoelReagan · wall_segment Stone Wall x14 |
| 36:07 | JoelReagan · wall_segment Stone Wall x14 |
| 37:45 | JoelReagan · wall_segment Stone Wall x30 |
| 39:23 | JoelReagan · wall_segment Stone Wall x60 |
| 42:52 | JoelReagan · wall_segment Stone Wall x1 |
| 43:11 | JoelReagan · wall_segment Stone Wall x29 |
| 47:35 | JoelReagan · wall_segment Stone Wall x22 |
| 50:09 | Derp · wall_segment Stone Wall x18 |
| 50:29 | JoelReagan · wall_segment Stone Wall x9 |
| 59:47 | Angie on the Rock s · resign |
| 59:56 | NewLifeSoldier · first_building Archery Range |
| 72:46 | JoelReagan · first_market_sell 500 food |
| 73:01 | NewLifeSoldier · wall_segment Stone Wall x6 |
[ AI ANALYSIS · 1 CREDIT ]
What really happened in this match?
Wolo.gg analyzes every decision: build order, eco, micro, common mistakes by bracket. Personalized analysis on WhatsApp or Discord in 30 seconds.
Civ guide
Khmer
Map guide
Michi
Perfil
IsaacNewton